[Event "Titled Tuesday Blitz May 03 Late 2022"]
[White "Papasimakopoulos, Alexandros"]
[Black "Paravyan, David"]
[WhiteFideId "4244125"]
[BlackFideId "4194985"]
[WhiteElo "2340"]
[BlackElo "2569"]
[Result "0-1"]
[Round "08"]
[TimeControl "180+1"]
[Date "2022.05.03"]
[WhiteClock "0:00:15"]
[BlackClock "0:00:12"]

1. d4 Nf6 2. c4 g6 3. Nc3 d5 4. Nf3 Bg7 5. Qb3 dxc4 6. Qxc4 O-O 7. e4 a6 8. Be2 b5 9. Qb3 c5 10. dxc5 Be6 11. Qc2 Nbd7 12. c6 Nb8 13. O-O Nxc6 14. Nxb5 axb5 15. Qxc6 b4 16. Bd2 Qb8 17. e5 Ng4 18. Qe4 Nxe5 19. Qxb4 Bg4 20. Nxe5 Bxe2 21. Rfe1 Qxe5 22. Bc3 Qb5 23. Qxb5 Bxb5 24. Bxg7 Kxg7 25. Rxe7 Rfc8 26. Rb7 Rxa2 27. Re1 Bc4 28. h3 Rc6 29. Re4 Be6 30. Kh2 Kf6 31. Rf4+ Kg7 32. Re4 h5 33. h4 Ra5 34. b4 Rf5 35. f3 Rd6 36. Re2 Rf4 37. Kg3 Rc4 38. b5 Rb4 39. Rc2 Kf6 40. Rc5 Rb2 41. Rg5 Rdd2 42. Kh2 Bf5 43. Rb8 Rd5 44. b6 Rdb5 45. b7 Rxb7 46. Rxb7 Rxb7 47. g4 hxg4 48. fxg4 Be6 49. Kg3 Rb3+ 50. Kg2 Rb4 51. Kg3 Rc4 52. Kf3 Kg7 53. h5 Kh6 54. Re5 Bxg4+ 55. Kg3 Bxh5 56. Re3 Rg4+ 57. Kh3 Rf4 58. Re7 Rf3+ 59. Kh4 g5# 0-1


[Site "https://www.chess.com"]

[Event "Titled Tuesday Blitz May 03 Late 2022"]
[White "Piesik, Piotr"]
[Black "Keymer, Vincent"]
[WhiteFideId "1136194"]
[BlackFideId "12940690"]
[WhiteElo "2190"]
[BlackElo "2557"]
[Result "0-1"]
[Round "08"]
[TimeControl "180+1"]
[Date "2022.05.03"]
[WhiteClock "0:02:11"]
[BlackClock "0:01:49"]

1. Nf3 d5 2. g3 Bg4 3. Bg2 c6 4. O-O Nd7 5. d3 Ngf6 6. Nbd2 e5 7. e4 Bd6 8. h3 Bh5 9. Qe1 O-O 10. Nb3 Re8 11. Nh4 a5 12. Nf5 Bb4 13. Bd2 Bxd2 14. Nxd2 Bg6 15. g4 a4 16. Ng3 h6 17. Qe2 Qb6 18. Rab1 Nc5 19. h4 Ne6 20. h5 Bh7 21. c3 Nf4 22. Qf3 Rad8 23. exd5 Bxd3 0-1


[Site "https://www.chess.com"]

[Event "Titled Tuesday Blitz May 03 Late 2022"]
[White "Prieto Aranguren, Alain"]
[Black "Bailey, Ben"]
[WhiteFideId "2268906"]
[BlackFideId "2021293"]
[WhiteElo "2235"]
[BlackElo "2304"]
[Result "1-0"]
[Round "08"]
[TimeControl "180+1"]
[Date "2022.05.03"]
[WhiteClock "0:00:14"]
[BlackClock "0:00:03"]

1. e4 c5 2. Nf3 d6 3. d4 cxd4 4. c3 Nf6 5. Bd3 dxc3 6. O-O g6 7. Re1 cxb2 8. Bxb2 Bg7 9. Nc3 O-O 10. h3 Nc6 11. Nd5 Nxd5 12. Bxg7 Ne3 13. Rxe3 Kxg7 14. Bc4 Ne5 15. Nxe5 dxe5 16. Rd3 Qa5 17. Rc1 Qb6 18. Bb3 Be6 19. Bxe6 Qxe6 20. Rc7 Rab8 21. Rdd7 Rfe8 22. Qb3 Qxb3 23. axb3 Kf6 24. Rxb7 Rxb7 25. Rxb7 Ra8 26. h4 h5 27. b4 a6 28. Rb6+ e6 29. Kh2 Ra7 30. Kg3 Ke7 31. b5 a5 32. Ra6 Rb7 33. Rxa5 Kd6 34. f4 Kc5 35. fxe5 Rxb5 36. Ra7 Kd4 37. Rxf7 Kxe4 38. Rf6 Kxe5 39. Rxg6 Rb3+ 40. Kh2 Rb4 41. g3 Kf5 42. Rg5+ Kf6 43. Rxh5 e5 44. Kg2 Rb3 45. Rh8 Kf5 46. Re8 Ke4 47. h5 Rb2+ 48. Kh3 Rb1 49. Kh4 Kd4 50. Kg5 e4 51. g4 e3 52. h6 Rh1 53. Kg6 Kd3 54. g5 e2 55. h7 Kd2 56. Kg7 e1=Q 57. Rxe1 Kxe1 58. h8=Q Rxh8 59. Kxh8 Kf2 60. g6 Ke3 61. g7 1-0


[Site "https://www.chess.com"]

[Event "Titled Tuesday Blitz May 03 Late 2022"]
[White "Przybylski, Wojciech"]
[Black "Romanchuk, Viktor"]
[WhiteFideId "1117599"]
[BlackFideId "14109271"]
[WhiteElo "2133"]
[BlackElo "2242"]
[Result "1/2-1/2"]
[Round "08"]
[TimeControl "180+1"]
[Date "2022.05.03"]
[WhiteClock "0:00:04"]
[BlackClock "0:00:09"]

1. d4 d5 2. Nf3 Nf6 3. c4 c6 4. Nc3 e6 5. Bg5 h6 6. Bxf6 Qxf6 7. e3 Nd7 8. Qc2 g6 9. Rd1 Bg7 10. Bd3 dxc4 11. Bxc4 O-O 12. O-O Qe7 13. e4 Rd8 14. e5 b6 15. Ne4 Rb8 16. Nd6 c5 17. d5 Nxe5 18. Nxe5 Rxd6 19. Nc6 Rxc6 20. dxc6 b5 21. Be2 Rb6 22. Bf3 Bd4 23. b4 e5 24. bxc5 Bxc5 25. Rfe1 Bf5 26. Qd2 e4 27. Qd8+ Qxd8 28. Rxd8+ Kg7 29. Bxe4 Bxe4 30. c7 Bf5 31. c8=Q Bxc8 32. Rxc8 Bd4 33. Rd1 Be5 34. g3 b4 35. f4 Bc3 36. Rd7 a5 37. Rcc7 Rf6 38. Kg2 g5 39. Kf3 gxf4 40. gxf4 a4 41. Rc4 a3 42. Ke4 Re6+ 43. Kf3 Rf6 44. Rd1 Rg6 45. Rb1 Rd6 46. Ke4 Kf6 47. Rcxb4 Bxb4 48. Rxb4 Rd2 49. Rb6+ Kg7 50. h4 Rxa2 51. Ra6 Ra1 52. Kf5 Ra2 53. h5 Ra1 54. Ra7 a2 55. Ra8 Rh1 56. Rxa2 Rxh5+ 57. Kg4 Rb5 58. Rg2 Kg6 59. Kf3+ Kf5 60. Re2 Rb3+ 61. Kg2 f6 62. Rf2 h5 63. Kh2 h4 64. Rf1 Rb4 65. Kh3 Rxf4 66. Ra1 Kg5 67. Ra5+ f5 68. Ra3 Rg4 69. Rb3 Rd4 70. Ra3 Re4 71. Rb3 Kf4 72. Rb1 Re3+ 73. Kg2 Rg3+ 74. Kf2 Kg5 75. Rb8 f4 76. Rg8+ Kf5 77. Rh8 h3 78. Rf8+ Ke5 79. Re8+ Kd6 80. Rd8+ Ke6 81. Rf8 Rg4 82. Re8+ Kf5 83. Rh8 Rg3 84. Rf8+ Kg6 85. Rxf4 Ra3 86. Rh4 Kg5 87. Rh8 Kg4 88. Kg1 Ra1+ 89. Kh2 Ra2+ 90. Kh1 Kg3 91. Rg8+ Kf3 92. Rf8+ Kg3 93. Rg8+ Kf3 94. Rf8+ Kg4 95. Rg8+ Kh4 96. Rh8+ Kg3 97. Rg8+ 1/2-1/2


[Site "https://www.chess.com"]

[Event "Titled Tuesday Blitz May 03 Late 2022"]
[White "Rustemov, Alexander"]
[Black "Melkumyan, Hrant"]
[WhiteFideId "4119002"]
[BlackFideId "13302485"]
[WhiteElo "2735"]
[BlackElo "2604"]
[Result "1/2-1/2"]
[Round "08"]
[TimeControl "180+1"]
[Date "2022.05.03"]
[WhiteClock "0:00:12"]
[BlackClock "0:00:15"]

1. d4 d5 2. c4 e6 3. Nc3 c5 4. cxd5 cxd4 5. Qxd4 Nc6 6. Qd1 exd5 7. Qxd5 Bd6 8. Nf3 Nf6 9. Qd1 O-O 10. g3 h6 11. Bg2 Qe7 12. O-O Be6 13. Nd4 Nxd4 14. Qxd4 Rfd8 15. Bf4 Bc5 16. Qa4 a6 17. Rad1 Re8 18. a3 b5 19. Qc2 Rac8 20. Be5 a5 21. Qd2 b4 22. axb4 Bxb4 23. Bd6 Qa7 24. Bxb4 axb4 25. Nb5 Qc5 26. Nd4 Bc4 27. Rc1 Red8 28. Rfd1 Qb6 29. e3 Ng4 30. h3 Ne5 31. Kh2 h5 32. b3 Ba6 33. Rxc8 Rxc8 34. Rc1 Rd8 35. Qc2 h4 36. Qc7 hxg3+ 37. fxg3 Qxc7 38. Rxc7 Rb8 39. Nc6 Nxc6 40. Bxc6 Rd8 41. e4 Rd2+ 42. Kg1 Rc2 43. e5 g6 44. h4 Rc3 45. Kf2 Kf8 46. g4 Rxb3 47. Bd5 Rb2+ 48. Ke3 Re2+ 49. Kf4 Rf2+ 50. Ke3 Rf1 51. Ra7 Bb5 52. Rb7 Be8 53. Rxb4 Bd7 54. h5 Re1+ 55. Kf4 g5+ 56. Kg3 Rxe5 57. Bf3 Re3 58. Re4 Ra3 59. Kf2 Bc6 60. Re3 Ra2+ 61. Re2 Ra6 62. Bxc6 Rxc6 63. Re5 f6 64. Rf5 Kg7 65. Kg3 Kf7 66. Rf3 Ke6 67. Re3+ Kf7 68. Rf3 Rc1 69. Re3 Rg1+ 70. Kh3 Kg7 71. Rf3 Ra1 72. Re3 Ra4 73. Rf3 Kf7 74. Kg3 Ke7 75. Re3+ Kd6 76. Rf3 Ke5 77. Re3+ Kd4 78. Rf3 Ra6 79. Rf5 Ke4 80. h6 Ra3+ 81. Kg2 Ra2+ 82. Rf2 Ra7 83. Rxf6 Rh7 84. Kg3 Ke5 85. Rf5+ Ke4 86. Rf6 Ke5 87. Ra6 Ke4 88. Re6+ Kd5 89. Rg6 Ke4 90. Rxg5 Rxh6 91. Rf5 Rh1 92. Rf2 Ke5 93. Rf8 Ke6 94. Kg2 Ke7 95. Rf2 Ra1 96. Kg3 Rh1 97. Kf4 Kf6 98. Re2 Kg7 99. Kg3 Ra1 100. Rg2 Ra7 101. Kh4 Rb7 102. Rf2 Ra7 103. Rf5 Rb7 104. Kh5 Kh7 105. g5 Rg7 106. Rf6 Ra7 107. Rh6+ Kg7 108. Rg6+ Kh7 109. Rf6 Kg7 110. Re6 Kh7 111. Re5 Kg7 112. Rf5 Kh7 113. Rf6 Kg7 114. Rh6 Ra1 115. Rg6+ Kh7 116. Rh6+ Kg7 117. Rg6+ Kh7 118. Re6 Rh1+ 119. Kg4 Rg1+ 120. Kf5 Rf1+ 121. Kg4 Rg1+ 122. Kf4 Rf1+ 123. Ke5 Re1+ 124. Kf6 Rxe6+ 125. Kxe6 Kg6 126. Ke5 Kxg5 1/2-1/2


[Site "https://www.chess.com"]

[Event "Titled Tuesday Blitz May 03 Late 2022"]
[White "Sanchez Alvares, Kelvin Antonio"]
[Black "Rytenko, Vsevolod"]
[WhiteFideId "3906680"]
[BlackFideId "14133040"]
[WhiteElo "2193"]
[BlackElo "2120"]
[Result "1-0"]
[Round "08"]
[TimeControl "180+1"]
[Date "2022.05.03"]
[WhiteClock "0:00:15"]
[BlackClock "0:01:23"]

1. d4 d5 2. c4 c6 3. Nf3 Nf6 4. Nc3 a6 5. c5 Bg4 6. Ne5 Bf5 7. Qb3 Ra7 8. Bf4 Nbd7 9. e3 Nxe5 10. Bxe5 Nd7 11. Bg3 e5 12. Be2 Be7 13. O-O O-O 14. Qd1 Bf6 15. b4 Re8 16. a4 exd4 17. exd4 Nf8 18. Bf3 Ne6 19. Ne2 Be4 20. Bxe4 dxe4 21. Bd6 b6 22. Rc1 bxc5 23. dxc5 Rd7 24. Qb3 Be7 25. Bxe7 Qxe7 26. Ng3 Nd4 27. Qc4 Qh4 28. Rfd1 e3 29. fxe3 Nf3+ 30. Kf2 Rxd1 31. Qxh4 Rd2+ 32. Kxf3 Rd3 33. Qf4 f6 34. Rc4 Rd5 35. Re4 Red8 36. Qc7 R5d7 37. Qxc6 h5 38. Re8+ Kf7 39. Rxd8 Rxd8 40. Qc7+ 1-0


[Site "https://www.chess.com"]

[Event "Titled Tuesday Blitz May 03 Late 2022"]
[White "Sargsyan, Anna M."]
[Black "D`Arruda, Ricardo D."]
[WhiteFideId "13308130"]
[BlackFideId "100692"]
[WhiteElo "2271"]
[BlackElo "2438"]
[Result "1-0"]
[Round "08"]
[TimeControl "180+1"]
[Date "2022.05.03"]
[WhiteClock "0:00:03"]
[BlackClock "0:00:02"]

1. d4 Nf6 2. c4 e5 3. dxe5 Ne4 4. Qd4 Bb4+ 5. Nd2 Nxd2 6. Bxd2 Nc6 7. Qd5 Bxd2+ 8. Qxd2 Nxe5 9. e3 d6 10. Qc2 O-O 11. Ne2 Qf6 12. Ng3 Qg6 13. Qc3 Bg4 14. h3 Bd7 15. Be2 Rfe8 16. O-O a5 17. c5 dxc5 18. Qxc5 Bc6 19. Kh2 b6 20. Qc3 Re7 21. Rac1 Bd5 22. f4 Nd7 23. Rfd1 c6 24. Bh5 Qf6 25. e4 Bxa2 26. Qxc6 Qxc6 27. Rxc6 Nf6 28. Bf3 Rb8 29. e5 Ne8 30. Nf5 Rc7 31. Rxc7 Nxc7 32. Rd7 Ne6 33. Ne7+ Kf8 34. Nc6 Rc8 35. Kg3 Nc5 36. Ra7 Be6 37. Nd4 Bd7 38. f5 Nd3 39. Rxd7 Nxe5 40. Rb7 Nc4 41. b3 Nd2 42. Rxb6 h5 43. Bxh5 Rc7 44. f6 gxf6 45. Kf4 Kg7 46. Nf5+ Kh7 47. Rxf6 Nxb3 48. Bxf7 Nc5 49. Bg6+ Kg8 50. Rb6 Ne6+ 51. Rxe6 Rc4+ 52. Kg5 Rc8 53. h4 Ra8 54. h5 a4 55. Re7 a3 56. Bf7+ Kh8 57. Ba2 Rb8 58. Kh6 Rb6+ 59. Re6 Rb2 60. Re8# 1-0


[Site "https://www.chess.com"]

[Event "Titled Tuesday Blitz May 03 Late 2022"]
[White "Silvestre, Christian"]
[Black "Bongo Akanga Ndjila, Barthelemy"]
[WhiteFideId "30956269"]
[BlackFideId "10609431"]
[WhiteElo "2407"]
[BlackElo "1768"]
[Result "1-0"]
[Round "08"]
[TimeControl "180+1"]
[Date "2022.05.03"]
[WhiteClock "0:00:34"]
[BlackClock "0:00:56"]

1. Nf3 Nf6 2. g3 d5 3. Bg2 e6 4. O-O Be7 5. d4 O-O 6. c4 b6 7. Qc2 Bb7 8. Rd1 Nbd7 9. Nbd2 Ne4 10. Nxe4 dxe4 11. Nd2 f5 12. f3 exf3 13. Nxf3 Nf6 14. Ng5 Bxg2 15. Kxg2 Qd7 16. d5 exd5 17. cxd5 Bd6 18. Ne6 Rfe8 19. Qxf5 Nxd5 20. Qxd5 Qxe6 21. Qxe6+ Rxe6 22. e3 Bc5 23. Rd3 Rae8 24. Kf3 Rf8+ 25. Ke2 g5 26. Bd2 g4 27. Rf1 Rxf1 28. Kxf1 Rf6+ 29. Kg2 Rf3 30. Rd8+ Rf8 31. Rd7 Rf7 32. Rd8+ Kg7 33. Rd5 h6 34. Bc3+ Kg6 35. Re5 Rf3 36. Re6+ Kh7 37. Rc6 Bd6 38. e4 Kg6 39. e5 Kf7 40. exd6 cxd6 41. Rxd6 1-0


[Site "https://www.chess.com"]

[Event "Titled Tuesday Blitz May 03 Late 2022"]
[White "Simonovic, Miroslav"]
[Black "Akrakan"]
[WhiteFideId "919152"]
[WhiteElo "2043"]
[BlackElo "2130"]
[Result "1-0"]
[Round "08"]
[TimeControl "180+1"]
[Date "2022.05.03"]
[WhiteClock "0:00:23"]
[BlackClock "0:01:28"]

1. d4 d5 2. Bg5 Nf6 3. Bxf6 gxf6 4. e3 Nc6 5. a3 Bf5 6. c4 e6 7. Nc3 Be7 8. cxd5 exd5 9. g3 Be4 10. Nxe4 dxe4 11. Bh3 Qd5 12. Ne2 Qh5 13. Nf4 Qxd1+ 14. Rxd1 Bd6 15. Bf5 Ne7 16. Bxe4 O-O 17. Ke2 c6 18. h4 f5 19. Bd3 Rfe8 20. Kf3 Kg7 21. h5 Rad8 22. h6+ Kf6 23. Rdg1 Bxf4 24. gxf4 Rg8 25. a4 c5 26. Rxg8 Rxg8 27. dxc5 Rc8 28. Rc1 Ng8 29. b4 Nxh6 30. b5 Ng4 31. c6 bxc6 32. Rxc6+ Rxc6 33. bxc6 Ke7 34. Bxf5 Nf6 35. e4 Kd8 36. Kg3 h6 37. Kh4 Kc7 38. Bd7 Nxe4 39. Kh5 Nxf2 40. Kxh6 Nd3 41. f5 Nc5 42. Kg7 Nxa4 43. Kxf7 Nc5 44. Ke7 Ne4 45. f6 Nxf6 46. Kxf6 a5 47. Ke5 a4 48. Kd4 a3 49. Kc3 a2 50. Kb2 a1=Q+ 51. Kxa1 Kd6 52. Kb2 Kc5 53. Kc3 Kb6 54. Kc4 Kc7 55. Kc5 1-0


[Site "https://www.chess.com"]

[Event "Titled Tuesday Blitz May 03 Late 2022"]
[White "Skliarov, Viktor"]
[Black "Yuan, Qingyu"]
[WhiteFideId "14106736"]
[BlackFideId "8609772"]
[WhiteElo "2229"]
[BlackElo "2359"]
[Result "0-1"]
[Round "08"]
[TimeControl "180+1"]
[Date "2022.05.03"]
[WhiteClock "0:00:02"]
[BlackClock "0:00:27"]

1. e4 c6 2. d4 d5 3. e5 c5 4. dxc5 e6 5. a3 Bxc5 6. b4 Be7 7. Bb2 f6 8. Nf3 a5 9. b5 Nd7 10. c4 Nxe5 11. Nxe5 fxe5 12. Bxe5 Nf6 13. cxd5 Qxd5 14. Qxd5 exd5 15. Nc3 Be6 16. Be2 O-O 17. O-O Rac8 18. Rfd1 Rfd8 19. Bf3 b6 20. a4 d4 21. Rxd4 Nd7 22. Bd5 Bxd5 23. Nxd5 Bc5 24. Re4 Nxe5 25. Rxe5 Bd4 26. Ne7+ Kf7 27. Nxc8 Bxa1 28. Re1 Bc3 29. Rc1 Rxc8 30. g3 Rc5 31. Kg2 Bd4 32. Rd1 Rc4 0-1


[Site "https://www.chess.com"]

[Event "Titled Tuesday Blitz May 03 Late 2022"]
[White "Skytte, Rasmus"]
[Black "Stanisz, Patryk"]
[WhiteFideId "1404210"]
[BlackFideId "1123106"]
[WhiteElo "2430"]
[BlackElo "1833"]
[Result "1-0"]
[Round "08"]
[TimeControl "180+1"]
[Date "2022.05.03"]
[WhiteClock "0:00:05"]
[BlackClock "0:00:46"]

1. e4 c5 2. Nf3 Nc6 3. d4 cxd4 4. Nxd4 Nf6 5. Nc3 e5 6. Ndb5 d6 7. Nd5 Nxd5 8. exd5 Ne7 9. c4 Nf5 10. Bd3 Be7 11. O-O O-O 12. Re1 Nh4 13. g3 Ng6 14. h4 Bxh4 15. gxh4 Qxh4 16. Qf3 f5 17. Qg3 Qh5 18. Nxd6 f4 19. Bxg6 hxg6 20. Qh2 Qf3 21. Qg2 Qh5 22. Qh2 Qg5+ 23. Qg2 Qf6 24. Nxc8 Raxc8 25. f3 Rxc4 26. b3 Rd4 27. Ba3 Rxd5 28. Bxf8 Kxf8 29. Rad1 Rc5 30. Rc1 Rd5 31. Rcd1 Rc5 32. Rc1 Ra5 33. Rc8+ Kf7 34. Rd1 Qb6+ 35. Kh1 e4 36. Rd7+ Ke6 37. Qxg6+ Ke5 38. Qe8+ Kf5 39. Rf7+ Kg5 40. Qg8 Qh6+ 41. Kg1 Qb6+ 42. Kh1 Qh6+ 43. Kg1 g6 44. Qd8+ Kh5 45. Qf6 Rg5+ 46. Kf1 Rf5 47. Rh8 Rxf6 48. Rxh6+ Kxh6 49. Rxf6 Kg5 50. Rf7 exf3 51. Rxb7 Kg4 52. Rxa7 g5 53. Ra6 Kg3 54. Rb6 g4 55. a4 f2 56. Rf6 Kf3 57. Rg6 g3 58. b4 Ke4 59. b5 Kf5 60. Rg8 Kf6 61. b6 Kf7 62. Rg4 Ke6 63. Rxf4 Ke5 64. Rg4 Kf5 65. Rxg3 Kf4 66. Kxf2 Ke4 67. b7 1-0


[Site "https://www.chess.com"]

[Event "Titled Tuesday Blitz May 03 Late 2022"]
[White "Sliwicki, Damian"]
[Black "Kim, Sergey"]
[WhiteFideId "1127128"]
[BlackFideId "13700570"]
[WhiteElo "2125"]
[BlackElo "2528"]
[Result "1-0"]
[Round "08"]
[TimeControl "180+1"]
[Date "2022.05.03"]
[WhiteClock "0:00:06"]
[BlackClock "0:00:01"]

1. e4 e5 2. Nf3 Nc6 3. d4 exd4 4. Bc4 Nf6 5. O-O Nxe4 6. Nc3 Nxc3 7. bxc3 d5 8. Bb5 Be7 9. Ne5 O-O 10. Bxc6 bxc6 11. Nxc6 Qd6 12. Nxe7+ Qxe7 13. cxd4 Bf5 14. Qf3 Be4 15. Qg3 Qd7 16. c3 Rfe8 17. Bf4 Re6 18. f3 Rg6 19. Qf2 Bf5 20. Rfe1 h5 21. Re5 f6 22. Re2 Bh3 23. Qh4 Qf5 24. Rae1 Rb8 25. Bg3 Bxg2 26. Kxg2 Kh7 27. Qh3 Qg5 28. f4 Qg4 29. Qxg4 Rxg4 30. Re7 Kg6 31. Rxc7 h4 32. Kf3 f5 33. Re6+ Kh5 34. Bf2 Rb2 35. Rf7 Rg6 36. Rxf5+ Kh6 37. Rxg6+ Kxg6 38. Rxd5 Rxa2 39. Bxh4 Kf7 40. Bg3 Ke6 41. Re5+ Kd6 42. f5 Kd7 43. Rd5+ Kc6 44. Rc5+ Kd7 45. Rc7+ Ke8 46. Rxg7 a5 47. f6 a4 48. Be5 a3 49. Re7+ Kf8 50. Ra7 Rxh2 51. f7 Rh6 52. Rxa3 1-0


[Site "https://www.chess.com"]

[Event "Titled Tuesday Blitz May 03 Late 2022"]
[White "Sokolovsky, Yahli"]
[Black "Petrovic, Aleksa"]
[WhiteFideId "2820242"]
[BlackFideId "967629"]
[WhiteElo "1770"]
[BlackElo "2144"]
[Result "1-0"]
[Round "08"]
[TimeControl "180+1"]
[Date "2022.05.03"]
[WhiteClock "0:00:40"]
[BlackClock "0:01:11"]

1. b3 e5 2. Bb2 Nc6 3. e3 Nh6 4. d4 exd4 5. exd4 Bb4+ 6. c3 Bd6 7. Nf3 O-O 8. Be2 Re8 9. O-O Qe7 10. Re1 Qf8 11. Nbd2 b6 12. Nc4 Be7 13. d5 Nd8 14. Bd3 Nb7 15. Qc2 g6 16. Nce5 Bf6 17. c4 Qg7 18. Ng4 Rxe1+ 19. Rxe1 Nxg4 20. Re8+ Qf8 21. Rxf8+ Kxf8 22. h3 Bxb2 23. Qxb2 Nh6 24. Qh8+ Ke7 25. Qxh7 Nf5 26. Bxf5 gxf5 27. Qxf5 d6 28. Qg5+ Kf8 29. Qh6+ Ke8 30. Nd4 Nc5 31. Qh8+ Ke7 32. Nc6+ 1-0


[Site "https://www.chess.com"]

[Event "Titled Tuesday Blitz May 03 Late 2022"]
[White "Stevens, Christian"]
[Black "Herrera Reyes, Jose Antonio"]
[WhiteFideId "2604450"]
[BlackFideId "2274914"]
[WhiteElo "2524"]
[BlackElo "2361"]
[Result "0-1"]
[Round "08"]
[TimeControl "180+1"]
[Date "2022.05.03"]
[WhiteClock "0:02:17"]
[BlackClock "0:02:00"]

1. Nf3 Nf6 2. c4 c5 3. Nc3 b6 4. g3 Bb7 5. Bg2 a6 6. O-O Qc7 7. Re1 d6 8. e4 e6 9. d4 cxd4 10. Nxd4 Nbd7 11. Be3 h5 12. h3 Be7 13. Rc1 Rc8 14. f4 Qb8 15. b3 Qa8 16. Bf2 O-O 17. f5 Nc5 18. fxe6 fxe6 19. b4 Ncxe4 20. Bxe4 Nxe4 21. Nxe4 Bxe4 22. Nxe6 Bh1 0-1


[Site "https://www.chess.com"]

[Event "Titled Tuesday Blitz May 03 Late 2022"]
[White "Stojanovski, Sandi"]
[Black "Sernecki, Franciszek"]
[WhiteFideId "1403249"]
[BlackFideId "1169297"]
[WhiteElo "2294"]
[BlackElo "2189"]
[Result "0-1"]
[Round "08"]
[TimeControl "180+1"]
[Date "2022.05.03"]
[WhiteClock "0:00:05"]
[BlackClock "0:00:10"]

1. d3 Nf6 2. Nf3 d5 3. g3 e6 4. Bg2 c5 5. O-O Be7 6. c4 Nc6 7. Bf4 O-O 8. Ne5 Bd6 9. Nxc6 bxc6 10. Bxd6 Qxd6 11. Nc3 Rb8 12. b3 Nd7 13. e4 Bb7 14. exd5 cxd5 15. cxd5 exd5 16. d4 c4 17. Rb1 Nb6 18. b4 Bc6 19. a4 Rfe8 20. b5 Ba8 21. a5 Nd7 22. Re1 Qa3 23. Nxd5 Qxa5 24. Ne7+ Kf8 25. Bxa8 Rxa8 26. Nc6 Rxe1+ 27. Qxe1 Qxe1+ 28. Rxe1 Nb6 29. Ra1 Ke8 30. Kf1 Kd7 31. Rxa7+ Rxa7 32. Nxa7 Kd6 33. Ke2 Kd5 34. Nc6 Nd7 35. Kd2 Ke4 36. Kc3 Nb6 37. Nb4 f6 38. d5 Ke5 39. f4+ Kd6 40. Kd4 f5 41. Nc2 Nxd5 42. Ne3 Nxe3 43. Kxe3 Kc5 44. b6 Kxb6 45. Kd4 Kb5 46. h3 Kb4 47. Ke5 c3 48. g4 c2 0-1


[Site "https://www.chess.com"]

[Event "Titled Tuesday Blitz May 03 Late 2022"]
[White "Suarez Uriel, Adrian"]
[Black "Vlassov, Nikolai"]
[WhiteFideId "22230874"]
[BlackFideId "4103360"]
[WhiteElo "2316"]
[BlackElo "2407"]
[Result "1-0"]
[Round "08"]
[TimeControl "180+1"]
[Date "2022.05.03"]
[WhiteClock "0:01:54"]
[BlackClock "0:00:15"]

1. e4 Nc6 2. d4 d5 3. exd5 Qxd5 4. Be3 Nf6 5. c4 Qa5+ 6. Nc3 Bg4 7. Be2 h5 8. h3 Bxe2 9. Nxe2 O-O-O 10. a3 Qf5 11. b4 e6 12. Qa4 Kb8 13. b5 Ne7 14. O-O g5 15. d5 Nc8 16. Nd4 Qd3 17. Rac1 exd5 18. Rfd1 Qg6 19. cxd5 Nb6 20. Qb3 Nfxd5 21. Nxd5 Rxd5 22. a4 Qe4 23. a5 Nc8 24. Nc6+ bxc6 25. bxc6+ Qb4 26. Qxd5 Ka8 27. Rb1 Qa4 28. Qd8 Bg7 29. Qxc7 1-0


[Site "https://www.chess.com"]

[Event "Titled Tuesday Blitz May 03 Late 2022"]
[White "Tanenbaum, Zachary"]
[Black "Karttunen, Mika"]
[WhiteFideId "2060850"]
[BlackFideId "502081"]
[WhiteElo "2168"]
[BlackElo "2343"]
[Result "1-0"]
[Round "08"]
[TimeControl "180+1"]
[Date "2022.05.03"]
[WhiteClock "0:00:04"]
[BlackClock "0:00:12"]

1. e4 e6 2. d4 d5 3. Nc3 Bb4 4. exd5 exd5 5. Bd3 Nc6 6. a3 Bxc3+ 7. bxc3 Be6 8. Rb1 b6 9. Nf3 Nge7 10. O-O h6 11. Bf4 O-O 12. Qd2 Bf5 13. Rfe1 Bxd3 14. Qxd3 Qd7 15. h3 Rfe8 16. Nh2 Na5 17. Ng4 Nec6 18. Bxh6 f5 19. Ne3 gxh6 20. Nxf5 Qh7 21. Qf3 Kh8 22. Qxd5 Rf8 23. Ne3 Rad8 24. Qh5 Ne7 25. Ng4 Rd5 26. Qh4 Nf5 27. Qh5 Nc4 28. Re8 Rd8 29. Nf6 Ng7 30. Rxf8+ Rxf8 31. Nxh7 Nxh5 32. Nxf8 Nxa3 33. Re1 Nb5 34. Re7 Nxc3 35. Rxc7 Ne2+ 36. Kf1 Nxd4 37. c3 Nb5 38. Rb7 Nxc3 39. Ng6+ Kg8 40. Rxa7 Nf6 41. Rb7 Ncd5 42. Ne7+ Nxe7 43. Rxe7 Kf8 44. Rb7 Nd5 45. g4 Nf4 46. Rxb6 Nxh3 47. Rxh6 Ng5 48. Rg6 Ne4 49. f3 Nc3 50. Kf2 Nd5 51. Rd6 1-0


[Site "https://www.chess.com"]

[Event "Titled Tuesday Blitz May 03 Late 2022"]
[White "Tang, Andrew"]
[Black "Kollars, Dmitrij"]
[WhiteFideId "2059630"]
[BlackFideId "12909572"]
[WhiteElo "2584"]
[BlackElo "2584"]
[Result "1-0"]
[Round "08"]
[TimeControl "180+1"]
[Date "2022.05.03"]
[WhiteClock "0:00:25"]
[BlackClock "0:00:05"]

1. d4 Nf6 2. c4 e6 3. Nc3 Bb4 4. Qc2 d5 5. cxd5 Qxd5 6. Nf3 Qf5 7. Qb3 Nc6 8. Bd2 a5 9. a3 a4 10. Qc4 Bxc3 11. Bxc3 O-O 12. e3 Bd7 13. Bd3 Qh5 14. O-O Rfb8 15. Be2 Qf5 16. Qd3 b5 17. Rfc1 b4 18. Be1 bxa3 19. Qxa3 h6 20. Rc5 Nd5 21. Bd3 Qf6 22. Be4 Qd8 23. Rac1 Rb3 24. Qa2 Nce7 25. Ne5 Rab8 26. Nc4 Be8 27. Bc2 R3b7 28. Bxa4 Ra8 29. Na5 Rba7 30. Bxe8 Qxe8 31. b4 Rb8 32. Qa3 Ra6 33. e4 Nf6 34. Qd3 Ra7 35. Rxc7 Rxc7 36. Rxc7 Qd8 37. Rc1 Qd7 38. h3 Qa4 39. Bd2 Ng6 40. Nc6 Ra8 41. b5 Qa2 42. b6 Ra3 43. Qc2 Qxc2 44. Rxc2 Rb3 45. Bb4 Rb1+ 46. Kh2 Nd7 47. b7 Nf4 48. Ra2 Nd3 49. Ra8+ Kh7 50. Rd8 Nxb4 51. Nxb4 Rxb4 52. Rxd7 Kg6 53. Kg3 f5 54. Kf4 Kf6 55. e5+ Kg6 56. Ke3 Kg5 57. Rxg7+ Kh4 58. Rh7 h5 59. Kd3 f4 60. Kc3 Rb1 61. Kc4 f3 62. gxf3 Kg5 63. Kc5 Kg6 64. Rc7 1-0


[Site "https://www.chess.com"]

[Event "Titled Tuesday Blitz May 03 Late 2022"]
[White "Toncheva, Nadya"]
[Black "Thybo, Jesper Sondergaard"]
[WhiteFideId "2924056"]
[BlackFideId "1438832"]
[WhiteElo "1888"]
[BlackElo "2316"]
[Result "0-1"]
[Round "08"]
[TimeControl "180+1"]
[Date "2022.05.03"]
[WhiteClock "0:00:03"]
[BlackClock "0:00:10"]

1. e4 e5 2. Nf3 Nc6 3. Bc4 Bc5 4. c3 Nf6 5. d3 d6 6. O-O a6 7. Bb3 h6 8. Re1 O-O 9. Nbd2 Be6 10. Bc2 Re8 11. Nf1 d5 12. exd5 Bxd5 13. Be3 Bxe3 14. Nxe3 Be6 15. Qe2 Nd5 16. Nxd5 Bxd5 17. Rad1 Qf6 18. Nd2 Qg6 19. f3 Rad8 20. Ne4 b6 21. Ng3 Qg5 22. Qf2 Qh4 23. c4 Be6 24. Ba4 b5 25. cxb5 Qxa4 26. bxc6 Qxc6 27. Rxe5 Bxa2 28. Rc5 Qb6 29. Nf5 Be6 30. Rdc1 Bxf5 31. Rxf5 Rxd3 32. Qxb6 cxb6 33. Rc7 Rd2 34. h3 Re1+ 35. Kh2 Ree2 36. Rfxf7 Rxg2+ 37. Kh1 Rh2+ 38. Kg1 Rdg2+ 39. Kf1 Rg3 40. Rfd7 Rhxh3 41. Kf2 Rxf3+ 42. Ke2 Rfg3 43. b4 Rh4 44. Kf2 Rg6 45. Ra7 Rxb4 46. Rxa6 Rf4+ 47. Ke3 Rf7 48. Ra8+ Rf8 49. Raa7 Kh7 50. Rab7 Re8+ 51. Kf3 h5 52. Rd5 Rf8+ 53. Ke3 Kh6 54. Rc7 Rff6 55. Rc4 Re6+ 56. Kd3 Rd6 57. Rxd6 Rxd6+ 58. Ke3 Rg6 0-1


[Site "https://www.chess.com"]

[Event "Titled Tuesday Blitz May 03 Late 2022"]
[White "Tristan, Leonardo"]
[Black "Bortnyk, Olexandr"]
[WhiteFideId "113816"]
[BlackFideId "14120828"]
[WhiteElo "2404"]
[BlackElo "2723"]
[Result "0-1"]
[Round "08"]
[TimeControl "180+1"]
[Date "2022.05.03"]
[WhiteClock "0:00:02"]
[BlackClock "0:00:28"]

1. d4 d6 2. e4 Nf6 3. Nc3 Nbd7 4. Nf3 e5 5. Bc4 Be7 6. O-O c6 7. a4 h6 8. Re1 Qc7 9. Ba2 g5 10. d5 Nf8 11. a5 c5 12. a6 bxa6 13. Bc4 Ng6 14. Bxa6 Bg4 15. Be2 Nf4 16. Bxf4 gxf4 17. Nd2 Rg8 18. Bxg4 Nxg4 19. Qf3 Rb8 20. Nc4 Kf8 21. Ra6 Rg6 22. Rea1 Bh4 23. Rxa7 Qd8 24. g3 Qf6 25. gxh4 Qxh4 26. h3 Nxf2+ 27. Kf1 Nxh3 28. Ne2 Ng5 29. Qf2 Qh1+ 30. Qg1 Qxe4 31. b3 Nh3 32. Qh2 Qf3+ 33. Ke1 Rg2 34. Nxd6 Rxh2 35. Rxf7+ Kg8 36. Rg7+ Kxg7 0-1


[Site "https://www.chess.com"]